 Dungeon Crawl Stone Soup version 0.29-a0-483-g69413ace17 (webtiles) character file.

Game seed: 6413097668169020402

432 testman the Grave Robber (level 6, 0/41 HPs)
             Began as a Mummy Necromancer on May 25, 2022.
             Slain by a hobgoblin (3 damage)
             ... on level 4 of the Dungeon.
             The game lasted 00:26:36 (4438 turns).

testman the Grave Robber (Mummy Necromancer)        Turns: 4438, Time: 00:26:37

Health: 0/41       AC:  4    Str: 11    XL:     6   Next: 67%
Magic:  2/15       EV: 16    Int: 16    God:
Gold:   169        SH:  0    Dex: 13    Spells: 9/17 levels left

rFire   x . .      SeeInvis .   d - +0 dagger
rCold   + . .      Faith    .   (no shield)
rNeg    + + +      Spirit   .   a - +0 robe
rPois   ∞          Reflect  .   (no helmet)
rElec   .          Harm     .   h - +1 cloak
rCorr   .          Rampage  .   (no gloves)
Will    .....                   (no boots)
Stlth   ++........              (no amulet)
HPRegen 0.13/turn               l - +4 ring of evasion
MPRegen 0.14/turn               (no ring)

@: animating dead
A: cold resistance 1, negative energy resistance 3, torment resistance 2, heat
vulnerability 1, in touch with death 1, no potions
a: no special abilities


You were on level 4 of the Dungeon.
You visited 1 branch of the dungeon, and saw 4 of its levels.
You also visited: Sewer.

You collected 169 gold pieces.

Inventory:

Hand Weapons
 c - a +0 hunting sling
 d - a +0 dagger (weapon)
Missiles
 b - 126 stones
Armour
 a - a +0 robe (worn)
 h - a +1 cloak (worn)
Jewellery
 l - a +4 ring of evasion (left hand)
Scrolls
 e - 3 scrolls of teleportation
 f - a scroll of enchant weapon {unknown}
 g - a scroll of amnesia
 j - a scroll of vulnerability {unknown}
 k - 2 scrolls of blinking {unknown}
Potions
 i - a potion of mutation


   Skills:
 - Level 1.5 Dodging
 - Level 1.5 Stealth
 - Level 6.0 Spellcasting
 + Level 6.7 Necromancy


You had 9 spell levels left.
You knew the following spells:

 Your Spells              Type           Power      Damage    Failure   Level
a - Necrotize             Necr           100%       1d9       1%          1
b - Vampiric Draining     Necr           39%        2d8       2%          3
c - Animate Dead          Necr           39%        N/A       9%          4

Your spell library contained the following spells:

 Spells                   Type           Power      Damage    Failure   Level
 Agony                    Necr           39%        N/A       24%         5
 Confusing Touch          Hex            4%         N/A       38%         3
 Gell's Gravitas          Tloc           4%         N/A       38%         3
 Lesser Beckoning         Tloc           4%         N/A       38%         3
 Teleport Other           Tloc           4%         N/A       38%         3
 Tukima's Dance           Hex            4%         N/A       38%         3
 Passage of Golubria      Tloc           4%         N/A       80%         4
 Yara's Violent Unravell  Hex/Tmut       2%         3d3       98%         5
 Enfeeble                 Hex            2%         N/A       100%        7
 Beastly Appendage        Tmut           Unusable   N/A       N/A         1
 Wereblood                Tmut           Unusable   N/A       N/A         2
 Spider Form              Tmut/Pois      Unusable   N/A       N/A         3

Dungeon Overview and Level Annotations

Branches:
Dungeon (4/15)              Sewer (visited)
 Temple: D:4-7

Altars:


Innate Abilities, Weirdness & Mutations

You are immune to poison.
Your flesh is cold resistant. (rC+)
You are immune to negative energy. (rN+++)
You are immune to unholy pain and torment.
You are vulnerable to heat. (rF-)
You are in touch with the powers of death.
You do not drink.


Message History

You feel a surge of power!
You draw life force from the scorpion!
You feel life coursing into your body. The scorpion misses you.
The hobgoblin misses you. The scorpion closely misses you.
You hit the scorpion but do no damage. Your punch misses the scorpion.
The scorpion is heavily wounded.
The hobgoblin completely misses you.
Your bullfrog zombie hits the scorpion.
The scorpion stings you.
You closely miss the scorpion.
The scorpion is heavily wounded.
Your bullfrog zombie hits the scorpion.
The hobgoblin hits you.
The scorpion stings your bullfrog zombie!
You closely miss the scorpion.
The scorpion is severely wounded.
Your bullfrog zombie hits the scorpion.
The hobgoblin closely misses you. The scorpion completely misses you.
Your bullfrog zombie hits the scorpion.
The scorpion dies!
You barely miss the hobgoblin. The hobgoblin hits you.
Your bullfrog zombie closely misses the iguana.
You closely miss the hobgoblin. The iguana barely misses you.
The hobgoblin misses you.
Your bullfrog zombie completely misses the iguana.
You closely miss the hobgoblin.
Your bullfrog zombie closely misses the iguana.
The iguana misses you. The hobgoblin barely misses you.
Your bullfrog zombie hits the iguana.
You closely miss the hobgoblin. The iguana bites you!
* * * LOW HITPOINT WARNING * * *
The hobgoblin misses you.
Your bullfrog zombie hits the iguana but does no damage.
Casting: Vampiric Draining (dangerous; 2% risk of failure)
Confirm with . or Enter, or press ? or * to list all spells.
You don't have enough magic to cast this spell.
The iguana bites your bullfrog zombie!
Your bullfrog zombie hits the hobgoblin.
You hit the hobgoblin.
The hobgoblin is severely wounded.
Your bullfrog zombie misses the hobgoblin.
The iguana barely misses your bullfrog zombie.
The hobgoblin hits you.
You die...

#. #.......# .g #.......#
g# #.......# #####.
######.......#
......#+######+#..........#
#..............#.......<..#
#.............J#..........#
#............gg#..........#
#............Jlg@......)))#
#..........♣♣♣♣Z..........#
#.........♣♣ ♣...........#
#.........♣ ♣...........#
#..###....♣ ♣......)....#
#..#####'.♣ ♣....########
......)...♣♣♣♣♣....#......#
......).....♣♣.....#......#
...................#......#


You could see an iguana, a jelly, 2 hobgoblins, a goblin and a friendly bullfrog
zombie.

Vanquished Creatures
  A bullfrog (D:4)
  A howler monkey (D:4)
  Jessica (D:2)
  5 river rats (Sewer)
  6 adders
  3 dart slugs (D:2)
  6 orcs
  3 endoplasms
  7 giant cockroaches
  7 goblins
  5 hobgoblins
  6 jackals
  2 kobolds
  7 quokkas
  13 ball pythons
  10 bats
  5 frilled lizards
  4 rats
92 creatures vanquished.

Vanquished Creatures (collateral kills)
  A scorpion (D:4)
  An adder (Sewer)
  A river rat (Sewer)
  2 worms (Sewer)
  An endoplasm (Sewer)
  A giant cockroach (Sewer)
  2 jackals (Sewer)
  A quokka (Sewer)
  5 ball pythons
  2 bats (Sewer)
  2 frilled lizards
  2 kobolds
21 creatures vanquished.

Vanquished Creatures (others)
  A river rat zombie (Sewer)
  A ball python zombie (Sewer)
  A jackal zombie (Sewer)
  An orc zombie (D:4)
4 creatures vanquished.

Grand Total: 117 creatures vanquished

Notes
Turn   | Place    | Note
-------+----------+-------------------------------------------
     0 | D:1      | testman the Mummy Necromancer began the quest for the Orb.
     0 | D:1      | Reached XP level 1. HP: 13/13 MP: 4/4
   228 | D:1      | Reached XP level 2. HP: 10/19 MP: 0/6
   781 | D:1      | Gained mutation: You are in touch with the powers of death.
                  | [Mummy growth]
   781 | D:1      | Reached XP level 3. HP: 24/24 MP: 0/8
   785 | D:1      | Learned a level 3 spell: Vampiric Draining
  1108 | D:2      | Noticed Jessica
  1115 | D:2      | Killed Jessica
  1211 | D:2      | Found a faded altar of an unknown god.
  1267 | D:2      | Reached XP level 4. HP: 28/30 MP: 6/10
  1396 | D:2      | Learned a level 4 spell: Animate Dead
  1770 | D:2      | Reached skill level 5 in Necromancy
  1999 | D:3      | Found a glowing drain.
  2066 | Sewer    | Entered a sewer
  2351 | Sewer    | Reached XP level 5. HP: 35/35 MP: 8/12
  2475 | Sewer    | Reached skill level 5 in Spellcasting
  3084 | D:3      | Noticed a phantom
  4158 | D:4      | Reached XP level 6. HP: 21/41 MP: 4/14
  4436 | D:4      | HP: 2/41 [iguana (12)]
  4438 | D:4      | Slain by a hobgoblin

Illustrated notes

Levels and vault maps discovered:
D:1:      kilobyte_arrival_exit_the_forest, layout_basic, serial_glass,
          glass_columns_b, glass_columns_b
D:2:      layout_rooms, serial_corexii_hall, chequers_hall_statues_corner_a,
          chequers_hall_statues_y, basic_ecumenical_altar, uniq_jessica
D:3:      layout_loops_ring, gup_sewer_entry_pipe, minmay_pentangle
D:4:      layout_gridville, st_stairs_12, hex_medium, hangedman_decor_riveting,
          nrook_campfire, minmay_ruined_shrine, uniq_crazy_yiuf_cottage

Skill      XL: |  1  2  3  4  5  6 |
---------------+-------------------+-----
Spellcasting   | 3 4 5 6 |  6.0
Necromancy     | 5 6 |  6.7
Dodging        | |  1.5
Stealth        | |  1.5

Action                   |  1- 3 |  4- 6 || total
-------------------------+-------+-------++-------
Melee: Dagger            |    24 |   121 ||   145
       Punch             |     1 |       ||     1
 Fire: Hunting sling     |     7 |       ||     7
 Cast: Necrotize         |    43 |    80 ||   123
       Vampiric Draining |     2 |    13 ||    15
       Animate Dead      |       |     4 ||     4
  Use: Scroll            |       |     4 ||     4
 Stab: Sleeping          |     1 |     2 ||     3
Armor: Robe              |     9 |    33 ||    42
Dodge: Dodged            |    22 |   134 ||   156

Table legend: (Time is in decaauts)
 A = Elapsed time spent in this place.
 B = Non-inter-level travel time spent in this place.
 C = Inter-level travel time spent in this place.
 D = Time resting spent in this place.
 E = Time spent auto-exploring this place.
 F = Levels seen in this place.
 G = Mean time per level.
                   A        B        C        D        E       F      G
               +--------+--------+--------+--------+--------+-----+--------+
         Total |   4618 |   4427 |    191 |    353 |   3261 |   5 |  923.6 |
       Dungeon |   3540 |   3349 |    191 |    353 |   2439 |   4 |  885.0 |
         Sewer |   1077 |   1077 |      0 |      0 |    822 |   1 | 1077.0 |
               +--------+--------+--------+--------+--------+-----+--------+

Top non-repeatable levels by time:
     D:3: 1287 daAuts
     D:1: 1113 daAuts
   Sewer: 1077 daAuts
     D:2: 804 daAuts
     D:4: 335 daAuts
